 Dungeon Crawl Stone Soup version 0.28.0-1-gb440e238dd (webtiles) character file.

Game seed: 14534060851753319828

1 croobank the Sneak (level 1, -16/10 HPs)
             Began as a Felid Delver on Feb 19, 2022.
             Demolished by a mummy (17 damage)
             ... on level 5 of the Dungeon.
             The game lasted 00:00:29 (50 turns).

croobank the Sneak (Felid Delver)                     Turns: 50, Time: 00:00:30

Health: -16/10     AC:  1    Str:  8    XL:     1   Next: 16%
Magic:  2/2        EV: 17    Int: 11    God:
Gold:   0          SH:  0    Dex: 17    Spells: 0/0 levels left
                                        Lives:  0   Deaths: 0

rFire   . . .      SeeInvis +     - Unarmed
rCold   . . .      Faith    .   (shield unavailable)
rNeg    . . .      Spirit   .   (armour unavailable)
rPois   .          Reflect  .   (helmet unavailable)
rElec   .          Harm     .   (cloak unavailable)
rCorr   .          Rampage  .   (gloves unavailable)
Will    .....                   (boots unavailable)
Stlth   +++.......              (no amulet)
HPRegen 0.03/turn               (no ring)
MPRegen 0.08/turn               (no ring)

@: quick
A: very small, claws 1, fangs 3, see invisible, speed 1, shaggy fur 1, stealthy
paws, no weapons or thrown items, no armour, multi-lived
a: no special abilities


You were on level 5 of the Dungeon.
You visited 1 branch of the dungeon, and saw 1 of its levels.

Inventory:

Wands
 e - a wand of digging (3)
Scrolls
 a - a scroll of fog
 b - a scroll of magic mapping
 c - a scroll of fear
Potions
 d - a potion of haste


   Skills:
 + Level 3.0 Fighting
 + Level 2.7 Dodging
 + Level 6.6 Stealth
 + Level 2.0 Unarmed Combat


You couldn't memorise any spells.
You didn't know any spells.
Your spell library contained the following spells:

 Spells                   Type           Power      Damage    Failure   Level
 Summon Guardian Golem    Hex/Summ       0%         N/A       71%         3
 Anguish                  Hex/Necr       0%         N/A       98%         4
 Leda's Liquefaction      Hex/Erth       0%         N/A       98%         4
 Yara's Violent Unravell  Hex/Tmut       0%         3d3       100%        5
 Portal Projectile        Hex/Tloc       Unusable   N/A       N/A         3

Dungeon Overview and Level Annotations

Branches:
Dungeon (5/15)
 Temple: D:4-7

Altars:

Portals:
Ossuary: D:5


Innate Abilities, Weirdness & Mutations

You have sharp claws.
You have razor-sharp teeth.
You have supernaturally acute eyesight. (SInv)
You cover ground quickly. (Speed+)
You are covered in fur. (AC +1)
Your paws help you pounce on unaware monsters.
You are incapable of wielding weapons or throwing items.
You cannot wear armour.
You gain extra lives every three experience levels.


Message History

You open the door.
A mummy comes into view.
Found a sand-covered staircase.
The mummy barely misses you.
There is an open door here.
You scratch the mummy.
The mummy is lightly damaged.
You scratch the mummy but do no damage.
The mummy is lightly damaged.
The mummy barely misses you.
You scratch the mummy.
The mummy is heavily damaged.
You scratch the mummy but do no damage.
The mummy is heavily damaged.
The mummy misses you.
You scratch the mummy but do no damage. You bite the mummy.
The mummy is severely damaged.
The mummy closely misses you.
You scratch the mummy.
The mummy is severely damaged.
You scratch the mummy. You bite the mummy, but do no damage.
The mummy is severely damaged.
The mummy hits you!
Ouch! That really hurt!
* * * LOW HITPOINT WARNING * * *
You scratch the mummy but do no damage.
The mummy is severely damaged.
You scratch the mummy. Your bite misses the mummy.
The mummy is almost destroyed.
The mummy misses you.
You scratch the mummy.
The mummy is almost destroyed.
The mummy barely misses you.
You scratch the mummy but do no damage.
The mummy is almost destroyed.
You closely miss the mummy.
The mummy is almost destroyed.
The mummy hits you!
Ouch! That really hurt!
You die...

#.#+# #..... ## .# #.... #..
###...# # #..? ....
#M##..#.# #..
#...###@###...# #.#
#.......#..#####.####
###.....###......>.... ..
#.##...##.##......####
.#..###'###.###'###.....#
........................#
...####..#.######.##........
#...........<....#####
########.#.###........(..


You could see a mummy.

Vanquished Creatures
  A goblin zombie (D:5)
  A hobgoblin zombie (D:5)
2 creatures vanquished.

Notes
Turn   | Place    | Note
-------+----------+-------------------------------------------
     0 | D:5      | croobank the Felid Delver began the quest for the Orb.
     0 | D:5      | Reached XP level 1. HP: 10/10 MP: 2/2
    27 | D:5      | Got Sif Muna's Collected Works on Beguiling
    37 | D:5      | Found a sand-covered staircase.
    50 | D:5      | Demolished by a mummy

Illustrated notes

Levels and vault maps discovered:
D:5:      gammafunk_cloud_chamber, layout_basic, gammafunk_ghost_gnarly_gnolls,
          nicolae_ossuary_entry_giza, kennysheep_small_spiral,
          minmay_fire_ice_demons

Action                   || total
-------------------------++-------
Melee: Unarmed           ||    14
       Bite              ||     2
 Stab: Sleeping          ||     2
Dodge: Dodged            ||     6
